 Dungeon Crawl Stone Soup version 0.30-a0-808-g6e0788376e (webtiles) character file.

Game seed: 782731392379533849

46 Jeffwins the Grasshopper (level 3, -1/24 HPs)
             Began as a Human Wanderer on Feb 26, 2023.
             Succumbed to an orange demon's poison
             ... on level 1 of the Dungeon.
             The game lasted 00:03:29 (1168 turns).

Jeffwins the Grasshopper (Human Wanderer)           Turns: 1168, Time: 00:03:30

Health: -1/24      AC:  4    Str: 11    XL:     3   Next: 95%
Magic:  6/6        EV: 10    Int: 18    God:
Gold:   132        SH:  3    Dex:  6    Spells: 2/6 levels left

rFire   . . .      SeeInvis .    a - +1 dagger (holy)
rCold   . . .      Faith    .    d - +0 buckler
rNeg    . . .      Spirit   .    h - +2 robe of Snakes and Ladders {rCorr Dex-3 Archmagi}
rPois   .          Reflect  .    (no helmet)
rElec   .          Harm     .    (no cloak)
rCorr   +          Rampage  .    (no gloves)
Will    +....      Archmagi +    (no boots)
Stlth   +                        e - amulet of magic regeneration
HPRegen 0.24/turn                i - ring of willpower
MPRegen 0.50/turn                (no ring)

@: lethally poisoned (-1 -> -9), attractive
A: no striking features
a: no special abilities


You were on level 1 of the Dungeon.
You visited 1 branch of the dungeon, and saw 2 of its levels.

You collected 132 gold pieces.


   Skills:
 - Level 1.0 Armour
 + Level 0.1 Stealth
 + Level 2.3 Shields
 + Level 2.2 Spellcasting
 + Level 0.4 Conjurations
 - Level 3.0 Translocations
 * Level 1.6 Transmutations
 + Level 0.2 Air Magic
 * Level 2.6 Poison Magic


You had 2 spell levels left.
You knew the following spells:

 Your Spells              Type           Power      Damage    Failure   Level
m - Mephitic Cloud        Conj/Pois/Air  9%         N/A       41%         3
z - Sting                 Tmut/Pois      56%        1d5       10%         1

Your spell library contained the following spells:

 Spells                   Type           Power      Damage    Failure   Level
 Apportation              Tloc           38%        N/A       7%          1
 Momentum Strike          Conj/Tloc      24%        3d8       17%         2
 Iskenderun's Mystic Bla  Conj/Tloc      12%        2d5       75%         4

Inventory:

Hand Weapons
 a - a +1 dagger of holy wrath (weapon)
Armour
 c - a +0 robe
 d - a +0 buckler (worn)
 h - the +2 robe of Snakes and Ladders (worn) {rCorr Dex-3 Archmagi}
   (You found it on level 2 of the Dungeon)

   Dex:       It affects your dexterity (-3).
   rCorr:     It protects you from acid and corrosion.
   Archmagi:  It increases the power of your magical spells.
Jewellery
 e - an amulet of magic regeneration (around neck)
 i - a ring of willpower (left hand)
Scrolls
 b - a scroll of teleportation {@r4}
 g - a scroll of enchant armour {unknown}

Dungeon Overview and Level Annotations

Branches:
Dungeon (2/15)

Altars:
Makhleb

##########
##################........#
................@.........#
####.##########...........#
# #.# #.......##### # #.#
#.......# ####.#####
#.......# .##(.....#
#.......# .##......#
#^รท.....# .##......#
####.###### .##......#
#......#


There were no monsters in sight!


Message History

Magic restored.
HP restored.
Makhleb sends a minion to punish you.
An orange demon comes into view.
There is an open door here.
There is an open door here.
There is a stone staircase leading up here.
The orange demon stings you from afar!
Ouch! That really hurt!
* * * LOW HITPOINT WARNING * * *
You are lethally poisoned!
The orange demon poisons you!
You climb upwards.
* * * LOW HITPOINT WARNING * * *
You feel extremely sick.
There is a stone staircase leading down here.
Unknown command.
Unknown command.
There is a lethal amount of poison in your body!
Unknown command.
It was a potion of attraction.
You feel attractive to monsters.
* * * LOW HITPOINT WARNING * * *
You feel very sick.
Unknown command.
There is a lethal amount of poison in your body!
Unknown command.
* * * LOW HITPOINT WARNING * * *
You feel sick.
You die...

Skill      XL: |  1  2 |
---------------+-------+-----
Transmutations | 1 |  1.6
Armour         | |  1.0
Stealth        | |  0.1
Shields        | |  2.3
Spellcasting   | |  2.2
Conjurations   | |  0.4
Translocations | |  3.0
Air Magic      | |  0.2
Poison Magic   | |  2.6

Action                     || total
---------------------------++-------
  Melee: Club              ||     6
         Mace              ||    23
         Dagger            ||     5
   Cast: Sting             ||    65
 Invoke: Renounce Religion ||     1
    Use: Potion            ||     2
 Armour: Robe              ||    27
  Dodge: Dodged            ||    48
  Block: Buckler           ||    13

Levels and vault maps discovered:
D:1:      erik_arrival_triangle_large, layout_basic
D:2:      layout_loops_corners, chequers_ecumenical_altar_island, basic_altar

Notes
Turn   | Place    | Note
-------+----------+-------------------------------------------
     0 | D:1      | Jeffwins the Human Wanderer began the quest for the Orb.
     0 | D:1      | Jeffwins set off with the following items: a +0 club, a
                  | scroll of teleportation {@r4}, a +0 robe, a +0 buckler; and
                  | the following spells available to memorise: Apportation,
                  | Sting, Momentum Strike, Mephitic Cloud, Iskenderun's Mystic
                  | Blast.
     0 | D:1      | Reached XP level 1. HP: 13/13 MP: 3/3
     2 | D:1      | Learned a level 1 spell: Sting
   220 | D:1      | Reached XP level 2. HP: 19/19 MP: 1/5
   247 | D:1      | Reached skill level 1 in Transmutations
   467 | D:1      | Reached XP level 3. HP: 22/24 MP: 4/6
   471 | D:1      | Learned a level 3 spell: Mephitic Cloud
   800 | D:2      | Identified the +2 robe of Snakes and Ladders {rCorr Dex-3
                  | Archmagi}
   822 | D:2      | Found a faded altar of an unknown god.
   849 | D:2      | Prayed at the altar of an unknown god.
   849 | D:2      | Became a worshipper of Makhleb the Destroyer
   849 | D:2      | Reached * piety under Makhleb
   850 | D:2      | Fell from the grace of Makhleb
  1053 | D:2      | Noticed an orange demon
  1152 | D:2      | Noticed an orange demon
  1167 | D:1      | HP: 1/24 [poisoned by an orange demon]
  1168 | D:1      | Succumbed to an orange demon's poison

Vanquished Creatures
  A worm (D:2)
  2 dart slugs (D:1)
  2 bats (D:1)
  5 endoplasms (D:1)
  2 giant cockroaches (D:1)
  4 hobgoblins
  2 quokkas
  3 ball pythons
  A frilled lizard (D:1)
  7 goblins
  3 kobolds
  2 rats
34 creatures vanquished.

Table legend: (Time is in decaauts)
 A = Elapsed time spent in this place.
 B = Non-inter-level travel time spent in this place.
 C = Inter-level travel time spent in this place.
 D = Time resting spent in this place.
 E = Time spent auto-exploring this place.
 F = Levels seen in this place.
 G = Mean time per level.
                   A        B        C        D        E       F      G
               +--------+--------+--------+--------+--------+-----+--------+
         Total |   1186 |   1148 |     38 |      0 |    822 |   2 |  593.0 |
       Dungeon |   1186 |   1148 |     38 |      0 |    822 |   2 |  593.0 |
               +--------+--------+--------+--------+--------+-----+--------+

Top non-repeatable levels by time:
     D:1: 834 daAuts
     D:2: 352 daAuts

Table legend:
 A = Non-vault XP
 B = Vault XP
 C = Vault XP percentage of total XP
 D = Non-vault monster count
 E = Vault monster count
 F = Vault count percentage of total count
                 A         B        C        D         E       F
            +---------+---------+-------+---------+---------+-------
      Total |      67 |       0 |   0.0 |      34 |       0 |   0.0
            +---------+---------+-------+---------+---------+-------
        D:1 |      44 |       0 |   0.0 |      23 |       0 |   0.0
        D:2 |      23 |       0 |   0.0 |      11 |       0 |   0.0
            +---------+---------+-------+---------+---------+-------
